 Dungeon Crawl Stone Soup version 0.29.1-1-gd02db6906a (webtiles) character file.

Game seed: 10498383640464959042

76 xian the Trooper (level 4, -3/37 HPs)
             Began as a Demonspawn Abyssal Knight on Oct 7, 2022.
             Was a Believer of Lugonu.
             Slain by a phantom (5 damage)
             ... on level 4 of the Dungeon.
             The game lasted 00:02:36 (1476 turns).

xian the Trooper (Demonspawn Abyssal Knight)        Turns: 1476, Time: 00:02:37

Health: -3/37      AC:  3    Str: 15    XL:     4   Next: 12%
Magic:  6/6        EV: 11    Int: 11    God:    Lugonu [**....]
Gold:   58         SH:  0    Dex: 14    Spells: 3/3 levels left

rFire   . . .      SeeInvis .   a - +1 hand axe
rCold   . . .      Faith    .   (no shield)
rNeg    . . .      Spirit   .   b - +0 leather armour
rPois   .          Reflect  .   (helmet restricted)
rElec   .          Harm     .   (no cloak)
rCorr   .          Rampage  .   (no gloves)
Will    +....                   (no boots)
Stlth   +.........              (no amulet)
HPRegen 0.12/turn               e - ring of willpower
MPRegen 0.20/turn               (no ring)

@: no status effects
A: antennae 1, claws 1, magic regeneration
a: Renounce Religion, Depart the Abyss, Bend Space


You were on level 4 of the Dungeon.
You worshipped Lugonu.
Lugonu was pleased with you.
You visited 1 branch of the dungeon, and saw 3 of its levels.
You visited the Abyss 1 time.

You collected 58 gold pieces.

Inventory:

Hand Weapons
 a - a +1 hand axe (weapon)
Missiles
 g - 10 stones
Armour
 b - a +0 leather armour (worn)
Jewellery
 e - a ring of willpower (left claw)
Scrolls
 f - 5 scrolls of identify
 i - a scroll of fear {unknown}
 j - a scroll of summoning
 l - a scroll of acquirement {unknown}
Potions
 c - a potion of mutation {unknown}
 d - 3 potions of heal wounds {unknown}
 h - 3 potions of curing {unknown}
 k - a potion of cancellation {unknown}


   Skills:
 + Level 3.7 Fighting
 + Level 2.6 Axes
 + Level 2.3 Armour
 + Level 1.2 Dodging
 + Level 0.4 Stealth
 + Level 2.8 Invocations


You had 3 spell levels left.
You didn't know any spells.
Your spell library contained the following spells:

 Spells                   Type           Power      Damage    Failure   Level
 Apportation              Tloc           0%         N/A       41%         1
 Necrotise                Necr           0%         1d4       41%         1
 Summon Small Mammal      Summ           0%         N/A       41%         1
 Sublimation of Blood     Necr           0%         N/A       54%         2
 Petrify                  Tmut/Erth      0%         N/A       99%         4
 Irradiate                Conj/Tmut      0%         3d11      100%        5


Dungeon Overview and Level Annotations

Branches:
Dungeon (2/15)

Altars:


Innate Abilities, Weirdness & Mutations

You have a pair of small antennae on your head.
You have sharp fingernails.
You regenerate magic rapidly.


Message History

Found a scroll labelled DOUTHR UNGILLIR.
You hit the phantom but do no damage.
The phantom hits you but does no damage.
You hit the phantom.
The phantom is lightly damaged.
The phantom misses you.
You hit the phantom but do no damage.
The phantom is lightly damaged.
The phantom hits you.
The phantom blinks!
You blink.
A dart slug comes into view.
Found a scroll labelled EFIDAM CUAB.
The phantom attacks as you move away! The phantom hits you.
A kobold comes into view. It is wielding a +0 whip.
The kobold shouts!
The dart slug bites you but does no damage.
The phantom attacks as you move away! The phantom hits you.
The dart slug bites you.
A goblin comes into view. It is wielding a +0 dagger.
The phantom attacks as you move away! The phantom hits you.
Space bends violently around you!
You blink.
You closely miss the phantom.
The phantom is lightly damaged.
The phantom hits you.
You hit the phantom.
The phantom is moderately damaged.
The phantom hits you.
* * * LOW HITPOINT WARNING * * *
The phantom blinks!
You blink.
The phantom closely misses you. The phantom hits you.
* * * LOW HITPOINT WARNING * * *
The phantom blinks!
You blink.
The dart slug launches a dart at you. The slug dart hits you.
* * * LOW HITPOINT WARNING * * *
As you read the scroll labelled TEATYL PUOFAS, it crumbles to dust.
It is a scroll of identify.
j - a scroll of summoning The phantom hits you.
You die...

............#
............#
...?........#
............#
#####.......# #?K.....#
#...w...# #.......# #
#.@.....# ######## ..
#.W..§..# #......#
#.###.....§.# . #......#
#...........# ...
#......# ##........#....
#......# ###'########...
#......#####...........#
#......................#
#......................#
{


You could see a phantom, a dart slug and a kobold.

Vanquished Creatures
  3 dart slugs
  3 endoplasms (D:1)
  A goblin (D:2)
  3 hobgoblins
  9 jackals
  3 kobolds
  2 quokkas
  4 ball pythons
  4 frilled lizards (D:1)
  3 rats (D:1)
35 creatures vanquished.

Notes
Turn   | Place    | Note
-------+----------+-------------------------------------------
     0 | Abyss:1  | xian the Demonspawn Abyssal Knight began the quest for the
                  | Orb.
     0 | Abyss:1  | Reached XP level 1. HP: 18/18 MP: 2/2
     1 | D:1      | Escaped the Abyss
   172 | D:1      | Discovered your monstrous ancestry.
   172 | D:1      | Gained mutation: You have a pair of small antennae on your
                  | head. [demonic ancestry]
   172 | D:1      | Reached XP level 2. HP: 16/24 MP: 3/3
   799 | D:2      | Gained mutation: You have sharp fingernails. [demonic
                  | ancestry]
   799 | D:2      | Reached XP level 3. HP: 29/29 MP: 5/5
   888 | D:2      | Reached *** piety under Lugonu
   891 | D:2      | Reached skill level 1 in Dodging
  1271 | D:2      | You fall into a shaft and drop 2 floors!
  1330 | D:4      | Gained mutation: You regenerate magic rapidly. [demonic
                  | ancestry]
  1330 | D:4      | Reached XP level 4. HP: 33/37 MP: 1/6
  1462 | D:4      | Noticed a phantom
  1476 | D:4      | Slain by a phantom

Illustrated notes

Levels and vault maps discovered:
D:1:      psy_arrival_dodecagon, layout_rooms, kennysheep_small_spiral
D:2:      layout_rooms
D:4:      layout_basic, uniq_edmund

Skill      XL: |  1  2  3 |
---------------+----------+-----
Armour         | 2 |  2.3
Axes           | 2 |  2.6
Dodging        | 1 |  1.2
Fighting       | |  3.7
Stealth        | |  0.4
Invocations    | |  2.8

Action                   |  1- 3 |  4- 6 || total
-------------------------+-------+-------++-------
Melee: Hand axe          |    72 |    11 ||    83
Invok: Banish            |     1 |       ||     1
       Bend Space        |       |     1 ||     1
  Use: Scroll            |       |     1 ||     1
Armor: Leather armour    |    23 |     4 ||    27
Dodge: Dodged            |    60 |     5 ||    65
